Unix NetHack Version 5.0.0-0 post-release - last build Jun 10 2026 00:39:30 (3ee93aec679c4c4259841fe613dc97188e26a321,branch:main).

Game began 2026-07-07 23:55:52, ended 2026-07-08 00:06:11.

DaveT, lawful male human Priest

                           -----
   -----               -----...|
  --)..|             ---.|.....---     --
  |..-.|          ---|...........--  - .
  |....--      ----.--...... .....   ..-
  ---...|      |.......)..---...-   ...
    |...-------|...*.)).%G.....--- ..
    |.......|..---......@%..-...|..-----  ---
    -------.|.......).......................-
          |)|...---...........<....##--   #
          |.|--.| --....---..........|
          |.| |.|  |..--- -.---......|
          |.--|.|  ----   .--  .....##
          |..--.--        .    .....|
          --.....--             .--.-
           -......|             --  .
          |...|...|
          |..---.--
          ----  --
DaveT the Acolyte            St:10 Dx:12 Co:13 In:11 Wi:18 Ch:11  Lawful
Dlvl:4  $:30 HP:0(38) Pw:43(56) AC:3  Xp:5 T:1834  Burdened

Latest messages:
 You hear crashing rock.
 The gnome lord picks up 2 crossbow bolts.
 The gnome lord picks up a crossbow bolt.
 The gnome lord wields a rotted crossbow!
 The gnome lord shoots 3 crossbow bolts!
 You are hit by the 1st crossbow bolt.
 You are hit by the 2nd crossbow bolt.
 You are almost hit by the 3rd crossbow bolt.
 The gnome lord wields a flail!
 You miss the gnome lord.
 The gnome lord swings his flail.
 The gnome lord hits!
 You hit the gnome lord.
 The gnome lord swings his flail.
 The gnome lord misses!
 You hit the gnome lord.
 You hit the gnome lord.
 The gnome lord swings his flail.
 The gnome lord hits!
 You miss the gnome lord.
 The gnome lord swings his flail.
 The gnome lord hits!
 You kill the gnome lord!
 In what direction? .
 You feel better.
 The gnome lord throws 2 daggers!
 The 1st dagger misses you.
 The 2nd dagger misses you.
 You hear crashing rock.
 The gnome lord wields 2 daggers!
 You miss the gnome lord.
 The gnome lord thrusts one of his daggers.
 The gnome lord hits!
 You hear crashing rock.
 You miss the gnome lord.
 The gnome lord thrusts one of his daggers.
 The gnome lord hits!
 In what direction? .
 You feel better.
 The gnome lord thrusts one of his daggers.
 The gnome lord hits!
 In what direction? .
 You feel better.
 The gnome lord thrusts one of his daggers.
 The gnome lord hits!
 The gnome lord thrusts one of his daggers.
 The gnome lord hits!
 You die...
 Do you want your possessions identified? [ynq] (y) y
 Do you want to see your attributes? [ynq] (y) q

Inventory:
 Coins    ('$')
  $ - 30 gold pieces
 Amulets  ('"')
  p - a cursed amulet of restful sleep
 Weapons  (')')
  H - a +0 dart
  E - 9 +0 daggers
  s - a +0 elven dagger
  a - a blessed corroded +1 mace (weapon in right hand)
 Armor    ('[')
  B - a +1 orcish helm (being worn)
  b - a +0 robe (being worn)
  r - a +0 studded leather armor (being worn)
 Comestibles  ('%')
  e - 2 cloves of garlic
  i - 3 food rations
  f - a sprig of wolfsbane
  F - 2 tins of sauteed floating eye meat
  o - a lichen corpse
 Scrolls  ('?')
  n - a cursed scroll of fire
 Spellbooks  ('+')
  h - a spellbook of healing
  g - a spellbook of protection
  z - a spellbook of protection
 Potions  ('!')
  j - a cursed potion of fruit juice
  w - 2 blessed potions of healing
  d - 4 potions of holy water
  x - a potion of water
 Rings    ('=')
  k - a cursed ring of hunger
 Tools    ('(')
  q - a cursed lock pick
  G - an oil lamp
  J - a skeleton key

DaveT the Priest's attributes:

Background:
 You were an Acolyte, a level 5 human Priest.
 You were lawful, on a mission for Mitra
 who was opposed by Crom (neutral) and Set (chaotic).
 You were right-handed.
 You were in the Gnomish Mines, on level 4.
 You entered the dungeon 1834 turns ago.
 It was the midnight hour.
 You had 207 experience points, 113 more were needed to attain level 6.

Basics:
 You had 0 out of 38 hit points.
 You had 43 out of 56 energy points (spell power).
 Your armor class was 3.
 Your wallet contained 30 zorkmids.
 Autopickup was off.

Final Characteristics:
 Your strength was 10 (limit:18/100).
 Your dexterity was 12 (limit:18).
 Your constitution was 13 (limit:18).
 Your intelligence was 11 (limit:18).
 Your wisdom was 18 (limit:18).
 Your charisma was 11 (limit:18).

Final Status:
 You weren't hungry.
 You were burdened; movement was slightly slowed.
 You were wielding a mace.
 You had basic skill with mace.

Final Attributes:
 You were devoutly aligned.
 You were guarded.
 Your spell casting was enhanced by wearing a robe.
 You are dead.

Miscellaneous:
 You didn't encounter any bones levels.
 Total elapsed playing time was 10 minutes and 14 seconds.

Major events:
 Turn
    1: DaveT the lawful human Priest entered the dungeon
  726: attained the rank of Acolyte (level 3)
 1552: entered the Gnomish Mines
 1834: killed by a gnome lord

Spells:
 Name                 Level Category     Fail Retention
 protection             1   clerical       0%  91%-100%
 healing                1   healing        0%  76%-100%

Skills:
 Fighting Skills
   bare handed combat [Unskilled]
 Weapon Skills
   club               [Unskilled]
   mace               [Basic]
   morning star       [Unskilled]
   flail              [Unskilled]
   hammer             [Unskilled]
   quarterstaff       [Unskilled]
   polearms           [Unskilled]
   spear              [Unskilled]
   trident            [Unskilled]
   lance              [Unskilled]
   bow                [Unskilled]
   sling              [Unskilled]
   crossbow           [Unskilled]
   dart               [Unskilled]
   shuriken           [Unskilled]
   boomerang          [Unskilled]
   unicorn horn       [Unskilled]
 Spellcasting Skills
   healing spells     [Unskilled]
   divination spells  [Unskilled]
   clerical spells    [Basic]

Voluntary challenges:
 Character rerolling was not enabled.
 You never genocided any monsters.
 You never polymorphed an object.
 You never changed form.
 You used no wishes.
Achievements:
 You entered a shop.
 You attained the rank of Acolyte.
 You entered the Gnomish Mines.

 The Dungeons of Doom: levels 1 to 4
    Level 1:
       A fountain.
    Level 2: "vault"
       An armor shop, a sink.
    Level 3: "vault"
       Stairs down to The Gnomish Mines.
    Level 4:
 The Gnomish Mines:
    Level 4: <- You were here.
       Final resting place for
          you, killed by a gnome lord.


Vanquished creatures:
  2 small mimics
  a gnome leader
 an iguana
 an acid blob
  a coyote
  a hobgoblin
  a cave spider
  9 gnomes
  a gecko
  2 jackals
  a fox
  3 sewer rats
  2 grid bugs
  2 bats
  8 lichens
  5 newts
41 creatures vanquished.

No species were genocided or became extinct.

Game over:
                       ----------
                      /          \
                     /    REST    \
                    /      IN      \
                   /     PEACE      \
                  /                  \
                  |      DaveT       |
                  |      30 Au       |
                  |   killed by a    |
                  |    gnome lord    |
                  |                  |
                  |                  |
                  |       2026       |
                 *|     *  *  *      | *
        _________)/\\_//(\/(/\)/\//\/|_)_______

Goodbye DaveT the Priest...

You died in The Gnomish Mines on dungeon level 4 with 1055 points,
and 30 pieces of gold, after 1834 moves.
You were level 5 with a maximum of 38 hit points when you died.

